 Dungeon Crawl Stone Soup version 0.29.1-13-g9f3cf754e1 (webtiles) character file.

Game seed: 4365217962778041454

305 Sanktem7 the Trooper (level 6, -9/57 HPs)
             Began as a Minotaur Fighter on Feb 7, 2023.
             Mangled by an ogre
             ... wielding a +0 giant club
              (19 damage)
             ... on level 3 of the Dungeon.
             The game lasted 00:02:12 (1364 turns).

Sanktem7 the Trooper (Minotaur Fighter)             Turns: 1364, Time: 00:02:13

Health: -9/57      AC: 11    Str: 23    XL:     6   Next: 15%
Magic:  5/5        EV:  7    Int:  5    God:
Gold:   68         SH:  4    Dex:  9    Spells: 5/5 levels left

rFire   . . .      SeeInvis .   a - +0 war axe {axe}
rCold   . . .      Faith    .   c - +0 buckler
rNeg    . . .      Spirit   .   h - +0 chain mail
rPois   .          Reflect  .   (helmet restricted)
rElec   .          Harm     .   (no cloak)
rCorr   .          Rampage  .   (no gloves)
Will    .....                   m - +0 pair of boots
Stlth   ..........              (no amulet)
HPRegen 0.19/turn               (no ring)
MPRegen 0.09/turn               (no ring)

@: lethally poisoned (-9 -> -22)
A: horns 2, retaliatory headbutt
a: no special abilities


You were on level 3 of the Dungeon.
You visited 1 branch of the dungeon, and saw 3 of its levels.

You collected 68 gold pieces.


Innate Abilities, Weirdness & Mutations

You have a pair of horns on your head.
You reflexively headbutt those who attack you in melee.


   Skills:
 * Level 5.9 Fighting
 * Level 5.3 Axes
 + Level 4.9 Armour
 - Level 3.6 Shields


You had 5 spell levels left.
You didn't know any spells.
Your spell library was empty.

Inventory:

Hand Weapons
 a - a +0 war axe (weapon) {axe}
Missiles
 g - 24 stones (quivered) {throwing}
 j - 9 poisoned darts {throwing}
Armour
 c - a +0 buckler (worn)
 h - a +0 chain mail (worn)
   (You found it on level 1 of the Dungeon)
 m - a +0 pair of boots (worn)
   (You found it on level 3 of the Dungeon)
Jewellery
 k - a ring of protection from cold
   (You found it on level 3 of the Dungeon)
Scrolls
 b - a scroll of teleportation {unknown}
 e - 3 scrolls of identify {unknown}
 i - a scroll of enchant armour {unknown}
 n - a scroll of fear {unknown}
 o - a scroll of immolation {unknown}
Potions
 d - 5 potions of might
 f - 3 potions of curing {unknown}
 l - a potion of haste {unknown}

Dungeon Overview and Level Annotations

Branches:
Dungeon (3/15) Zot: 16602

Altars:

Shops:
D:1

: ...... #... .....
##...# .... #8...8
...### ## #...#### # .
...#8###8##...##8###8#..
#.......................
.............).)@O......
..†........?...))g......
.###8###8##...##8###8#..
##.# ##...#### # #..#
#8...8# ...# ##...##
..## #####...# ..#
##..##...##
..####..##8...8#


You could see an ogre and a goblin (strong).


Message History

The goblin shouts!
The kobold shouts!
You hear a shout!
The goblin moves out of view.
Robin, a goblin and a hobgoblin come into view.
Robin is wielding a +0 club and carrying a wand of polymorph (9).
Robin shouts!
The goblin shouts!
Robin roars a battlecry!
The goblins go into a battle-frenzy!
You hear a shout! x2
A hobgoblin and 2 goblins come into view.
The hobgoblin shouts!
The goblin shouts!
Robin throws the goblin at you! The goblin hits you but does no damage.
A goblin comes into view. It is wielding a +0 club.
A goblin comes into view. It is wielding a +0 dagger.
The goblin hits you but does no damage.
You barely miss the goblin. You closely miss the goblin. You miss the kobold.
The goblin barely misses you. You furiously retaliate!
You headbutt the goblin, but do no damage.
The kobold hits you with a +0 dagger. The goblin completely misses you.
You furiously retaliate!
You headbutt the goblin!
You kill the goblin!
A goblin comes into view. It is wielding a +0 club. 😕 HP[-1]
You take 1 damage, and now have 56/57 hp.
You slash the goblin!
You kill the goblin!
You slash the kobold!
You kill the kobold!
You hit the goblin.
The goblin hits you with a +0 club. 😕 HP[-2]
You take 2 damage, and now have 54/57 hp.
You slash the hobgoblin!
You kill the hobgoblin!
You closely miss the goblin. You block the goblin's attack.
The goblin hits you with a +0 club.
A goblin comes into view. It is wielding a +0 club.
The goblin hits you but does no damage. 😕 HP[-6]
You take 6 damage, and now have 48/57 hp.
The goblin shouts!
You hit the goblin.
You kill the goblin!
You slash the goblin!
You kill the goblin!
A goblin comes into view. It is wielding a +1 dagger of venom.
Robin zaps a wand.
You resist with some effort.
You slash the hobgoblin!
You kill the hobgoblin!
Robin throws the goblin at you! The goblin barely misses you.
The goblin hits you with a +0 dagger.
An ogre comes into view. It is wielding a +0 giant club.
Robin hits you but does no damage. The goblin closely misses you.
You furiously retaliate!
You headbutt the goblin.
Items here: ))) [ ††††. 😕 HP[-5]
You take 5 damage, and now have 43/57 hp.
You slash the goblin!
You kill the goblin!
You hit the goblin but do no damage. You hit the goblin.
You kill the goblin!
You slash Robin! Robin throws the goblin at you!
The goblin hits you with a +0 dagger. The goblin hits you but does no damage.
Robin hits you but does no damage.
You block the goblin's attack. x2 😮 HP[-2]
You take 2 damage, and now have 41/57 hp.
The goblin attacks as you move away! The goblin hits you but does no damage.
The goblin attacks as you move away!
The goblin hits you but does no damage. x2
Robin hits you but does no damage. The goblin hits you but does no damage.
You are poisoned.
Things that are here:
a +0 club {mace}; a goblin corpse You barely miss Robin.
You slash the goblin!
You kill the goblin!
You closely miss the goblin. You slash the goblin!
You kill the goblin!
You feel sick. The goblin hits you but does no damage.
You are more poisoned.
Robin hits you but does no damage. 😮 HP[-2]
You take 2 damage, and now have 39/57 hp.
You hit Robin. You headbutt Robin.
You kill Robin!
You closely miss the goblin. You hit the goblin.
You kill the goblin!
You feel very sick.
The goblin hits you with a +1 dagger of venom. 😮 HP[-9]
You take 9 damage, and now have 30/57 hp.
You feel sick. You block the goblin's attack.
The ogre hits you with a +0 giant club!
* * * LOW HITPOINT WARNING * * *
Items here: ! ) / [[ †. 😱 HP[-18]
You take 18 damage, and now have 12/57 hp.
MASSIVE DAMAGE!! (PAUSE)
You barely miss the goblin. You barely miss the ogre.
You feel sick. The goblin hits you but does no damage.
You are lethally poisoned!
The ogre hits you with a +0 giant club!!
You die...

Skill      XL: |  1  2  3  4 |
---------------+-------------+-----
Fighting       | 4 5 |  5.9
Axes           | 3 4 5 |  5.3
Armour         | 4 |  4.9
Shields        | |  3.6

Action                   |  1- 3 |  4- 6 || total
-------------------------+-------+-------++-------
Melee: War axe           |    57 |    34 ||    91
       Headbutt          |     8 |     5 ||    13
Armor: Scale mail        |    14 |       ||    14
       Chain mail        |    38 |    27 ||    65
Dodge: Dodged            |    35 |    14 ||    49
Block: Buckler           |    15 |     9 ||    24

Levels and vault maps discovered:
D:1:      heliophobic_arrival_henge, layout_rooms, serial_curves,
          eino_curves_01, eino_curves_04, serial_shops, nicolae_square_shop
D:2:      layout_basic, ebering_ecumenical_altar_abandoned
D:3:      layout_rooms, serial_corexii_hall, corexii_hall_statues_l,
          corexii_hall_statues_x, chequers_hall_statues_corner_a, uniq_sigmund,
          uniq_robin

Notes
Turn   | Place    | Note
-------+----------+-------------------------------------------
     0 | D:1      | Sanktem7 the Minotaur Fighter began the quest for the Orb.
     0 | D:1      | Reached XP level 1. HP: 19/19 MP: 0/0
     0 | D:1      | magus.rc [v1.9.6]
   180 | D:1      | Reached skill level 4 in Fighting
   180 | D:1      | Reached XP level 2. HP: 23/27 MP: 1/1
   237 | D:1      | Found Beithih's Book Shoppe.
   485 | D:2      | Reached skill level 3 in Axes
   536 | D:2      | Reached XP level 3. HP: 27/33 MP: 2/2
   537 | D:2      | Reached skill level 4 in Armour
   644 | D:2      | Found a faded altar of an unknown god.
   824 | D:2      | Identified the +2 ring mail of Hadjma {rPois Str+4 Dex-3}
  1052 | D:3      | Reached skill level 4 in Axes
  1052 | D:3      | Reached XP level 4. HP: 28/41 MP: 3/3
  1056 | D:3      | Reached skill level 5 in Fighting
  1237 | D:3      | Noticed Sigmund
  1248 | D:3      | Killed Sigmund
  1249 | D:3      | Reached skill level 5 in Axes
  1249 | D:3      | Reached XP level 5. HP: 40/50 MP: 4/4
  1249 | D:3      | Reached XP level 6. HP: 45/57 MP: 5/5
  1351 | D:3      | Noticed Robin
  1362 | D:3      | Killed Robin
  1363 | D:3      | HP: 12/57 [ogre/+0 giant club (17)]
  1364 | D:3      | Mangled by an ogre

Vanquished Creatures
  Sigmund (D:3)
  An orc priest (D:3)
  Robin (D:3)
  4 adders
  2 dart slugs
  3 orcs (D:3)
  3 endoplasms
  A giant cockroach (D:2)
  15 goblins
  4 hobgoblins
  2 jackals (D:1)
  3 quokkas
  3 ball pythons
  6 bats
  2 frilled lizards
  4 kobolds
55 creatures vanquished.

Table legend:
 A = Non-vault XP
 B = Vault XP
 C = Vault XP percentage of total XP
 D = Non-vault monster count
 E = Vault monster count
 F = Vault count percentage of total count
                 A         B        C        D         E       F
            +---------+---------+-------+---------+---------+-------
      Total |     172 |     264 |  60.6 |      43 |      12 |  21.8
            +---------+---------+-------+---------+---------+-------
        D:1 |      18 |       0 |   0.0 |      11 |       0 |   0.0
        D:2 |      54 |       0 |   0.0 |      16 |       0 |   0.0
        D:3 |     100 |     264 |  72.5 |      16 |      12 |  42.9
            +---------+---------+-------+---------+---------+-------

Illustrated notes

Table legend:
 A = Kills in this place as a percentage of kills in entire the game.
 B = Kills by you in this place as a percentage of kills by you in the entire game.
 C = Kills by friends in this place as a percentage of kills by friends in the entire game.
 D = Other kills in this place as a percentage of other kills in the entire game.
 E = Experience gained in this place as a percentage of experience gained in the entire game.
 F = Experience gained in this place divided by the number of levels of this place that you have seen.
                   A       B       C       D       E      F
               +-------+-------+-------+-------+-------+----------------------
         Total | 100.0 | 100.0 |   N/A |   N/A | 100.0 | 145.3
       Dungeon | 100.0 | 100.0 |   N/A |   N/A | 100.0 | 145.3
               +-------+-------+-------+-------+-------+----------------------

Table legend: (Time is in decaauts)
 A = Elapsed time spent in this place.
 B = Non-inter-level travel time spent in this place.
 C = Inter-level travel time spent in this place.
 D = Time resting spent in this place.
 E = Time spent auto-exploring this place.
 F = Levels seen in this place.
 G = Mean time per level.
                   A        B        C        D        E       F      G
               +--------+--------+--------+--------+--------+-----+--------+
         Total |   1396 |   1366 |     30 |      0 |   1112 |   3 |  465.3 |
       Dungeon |   1396 |   1366 |     30 |      0 |   1112 |   3 |  465.3 |
               +--------+--------+--------+--------+--------+-----+--------+

Top non-repeatable levels by time:
     D:2: 576 daAuts
     D:1: 488 daAuts
     D:3: 331 daAuts
